 Dungeon Crawl Stone Soup version 0.14-b1-19-g32f0dfe (webtiles) character file.

1769 santino the Bolt Thrower (level 8, -4/70 HPs)
             Began as an Ogre Hunter on Apr 4, 2014.
             Slain by an orc warrior
             ... wielding a +0,+0 halberd
              (13 damage)
             ... on Level 7 of the Dungeon.
             The game lasted 00:31:41 (4797 turns).

santino the Bolt Thrower (Ogre Hunter)              Turns: 4797, Time: 00:31:41

HP  -4/70        AC  2     Str 19      XL: 8   Next: 61%
MP   8/8         EV 14     Int 11      God:
Gold 437         SH  0     Dex 10      Spells:  0 memorised,  7 levels left

rFire  . . .     SeeInvis .     b - +1 crossbow
rCold  . . .     Clarity  .     d - -1 animal skin
rNeg   . . .     Conserve +     (shield restricted)
rPois  .         rCorr    .     (helmet restricted)
rElec  .         rRot     .     (no cloak)
SustAb . .       Spirit   .     (gloves unavailable)
rMut   .         Warding  .     (boots unavailable)
Saprov + . .     Stasis   .     n - amulet of conservation {unknown}
MR     .....                    (no ring)
                                u - cursed +4 ring of evasion

@: not resistant to hostile enchantments, unstealthy
A: unfitting armour, fast metabolism 1, saprovore 1, tough skin 1
a: no special abilities


You were on level 7 of the Dungeon.
You were not hungry.

You visited 1 branch of the dungeon, and saw 7 of its levels.

You collected 437 gold pieces.

Inventory:

Hand weapons
 a - a +1,+1 club
 b - a +1,+1 crossbow (weapon)
Missiles
 c - 11 bolts (quivered)
 w - 17 bolts of flame
Armour
 d - a -1 animal skin (worn)
Magical devices
 e - a wand of random effects (10)
 s - a wand of fireball (5) {unknown}
 v - a wand of digging (4) {unknown}
Comestibles
 h - an apricot
Scrolls
 g - a scroll of enchant weapon I {unknown}
 i - 2 scrolls of teleportation {unknown}
 k - a scroll of fog {unknown}
 l - 4 scrolls of remove curse {unknown}
 m - a scroll of blinking {unknown}
 o - a scroll of amnesia
 p - a scroll of identify {unknown}
Jewellery
 n - an amulet of conservation (around neck) {unknown}
 q - a cursed -6 ring of intelligence {unknown}
 u - a cursed +4 ring of evasion (left hand)
Potions
 f - 3 potions of curing
 j - 2 potions of mutation {unknown}
 r - a potion of invisibility
 t - a potion of heal wounds
 x - a potion of resistance
Books
 y - a book of Power

   Spells                             Type                      Level
   Fulminant Prism                    Conjuration/Hexes            4
   Iskenderun's Mystic Blast          Conjuration                  4
   Venom Bolt                         Conjuration/Poison           5
   Bolt of Magma                      Conjuration/Fire/Earth       5
   Iron Shot                          Conjuration/Earth            6
   Orb of Destruction                 Conjuration                  7


   Skills:
 + Level 1.3 Fighting
 + Level 7.8 Crossbows
 + Level 3.7 Dodging
 + Level 1.3 Stealth
 + Level 0.3 Evocations


You had 7 spell levels left.
You didn't know any spells.

Dungeon Overview and Level Annotations

Branches:
Dungeon (7/15)             Temple (0/1) D:4

Altars:
Ashenzari
Fedhas
Kikubaaqudgha
Nemelex Xobeh
Xom
Yredelemnul


Innate Abilities, Weirdness & Mutations

You are too large for most types of armour.
You have a fast metabolism.
You can tolerate rotten meat.
You have tough skin (AC +1).


Message History

Firing (i - inventory. (,) - cycle):
c - 13 bolts (quivered)
Press: ? - help, Shift-Dir - straight line, f - orc wizard
Aim: an orc wizard, wielding a whip and wearing a robe (moving very quickly)
You shoot a bolt. The bolt hits the orc wizard.
The orc wizard is moderately wounded.
The orc wizard unwields an uncursed whip.
The orc wizard drops an uncursed whip.
The orc wizard picks up a flail.
The orc wizard wields a flail.
The orc warrior barely misses you.
Firing (i - inventory. (,) - cycle):
c - 12 bolts (quivered)
Press: ? - help, Shift-Dir - straight line, f/p - orc wizard
Aim: an orc wizard, wielding a flail and wearing a robe (moderately wounded, moving very quickly)
You shoot a bolt. The bolt misses the orc wizard.
The bolt hits the orc priest.
The orc priest is lightly wounded.
The orc wizard hits you with a flail.
* * * LOW HITPOINT WARNING * * *
The orc wizard casts a spell at you. The magic dart hits you!
* * * LOW HITPOINT WARNING * * *
The orc warrior hits you from afar with a halberd!
You die...

##+## ###o......
#######+#####@oo5(....
#..........#.(#o......
+.....<..>.'.## .....
#..........### ....
#..........# ...
############ #


You could see an orc warrior, an orc priest, an orc wizard, a crimson imp and an
orc.

Vanquished Creatures
  A hippogriff (D:5)
  An orc warrior (D:6)
  An ogre (D:5)
  An ice beast (D:5)
  A centaur (D:5)
  2 scorpions
  2 jellies
  2 quasits
  A goliath beetle (D:6)
  A crimson imp (D:5)
  A hound (D:6)
  A giant frog skeleton (D:4)
  A worker ant (D:4)
  2 iguanas (D:6)
  3 orc wizards
  2 hound skeletons (D:6)
  4 gnolls (D:7)
  8 adders
  4 giant mites
  A goliath beetle zombie (D:3)
  5 giant geckos
  2 oozes (D:5)
  12 orcs
  3 ball pythons
  9 giant cockroaches
  9 goblins
  16 hobgoblins
  17 bats
  7 giant newts
  A giant spore (D:6)
  6 jackals
  A jackal zombie (D:5)
  7 kobolds
  A quokka (D:4)
  10 rats
  3 ballistomycetes (D:6)
149 creatures vanquished.

Vanquished Creatures (others)
  A human (D:3)
  A bat (D:1)
2 creatures vanquished.

Grand Total: 151 creatures vanquished

Notes
Turn   | Place    | Note
--------------------------------------------------------------
     0 | D:1      | santino, the Ogre Hunter, began the quest for the Orb.
     0 | D:1      | Reached XP level 1. HP: 19/19 MP: 1/1
     8 | D:1      | Reached skill level 3 in Crossbows
   132 | D:1      | Reached XP level 2. HP: 27/27 MP: 2/2
   350 | D:1      | Found a shimmering altar of Xom.
   352 | D:1      | Found a shimmering altar of Xom.
   355 | D:1      | Found a shimmering altar of Xom.
   402 | D:1      | Found a shimmering altar of Xom.
   585 | D:1      | Reached XP level 3. HP: 24/33 MP: 3/3
  1002 | D:2      | Reached skill level 4 in Crossbows
  1007 | D:2      | Reached XP level 4. HP: 41/41 MP: 4/4
  1656 | D:3      | Found an ancient bone altar of Kikubaaqudgha.
  1661 | D:3      | Noticed a human
  1662 | D:3      | Killed a human
  1742 | D:3      | Found a basalt altar of Yredelemnul.
  1742 | D:3      | Found a blossoming altar of Fedhas.
  2080 | D:3      | Found a sparkling altar of Nemelex Xobeh.
  2238 | D:3      | Reached XP level 5. HP: 48/48 MP: 5/5
  2614 | D:4      | Reached skill level 5 in Crossbows
  2614 | D:4      | Reached skill level 1 in Stealth
  2614 | D:4      | Reached XP level 6. HP: 53/55 MP: 6/6
  2745 | D:4      | Found a staircase to the Ecumenical Temple.
  2895 | D:5      | Entered Level 5 of the Dungeon
  2926 | D:5      | Noticed a hippogriff
  2936 | D:5      | Killed a hippogriff
  3018 | D:5      | Found a glowing drain.
  3132 | D:5      | Reached XP level 7. HP: 62/62 MP: 7/7
  3158 | D:5      | Reached skill level 6 in Crossbows
  3603 | D:5      | Reached XP level 8. HP: 51/70 MP: 8/8
  3693 | D:5      | Reached skill level 7 in Crossbows
  4663 | D:6      | Found a shattered altar of Ashenzari.
  4797 | D:7      | Slain by an orc warrior

Action                   |  1- 3 |  4- 6 |  7- 9 || total
-------------------------+-------+-------+-------++-------
Melee: Crossbow          |       |     1 |     5 ||     6
 Fire: Crossbow          |    71 |   127 |   159 ||   357
Evoke: Wand              |       |       |     2 ||     2
  Use: Scroll            |       |     2 |       ||     2
       Potion            |       |     6 |     8 ||    14
